 Dungeon Crawl Stone Soup version 0.26-a0-252-gb32a1a6195 (webtiles) character file.

Game seed: 1736267852043815041

175 BritishOli the Slasher (level 5, -5/42 HPs)
             Began as a Demonspawn Gladiator on July 9, 2020.
             Slain by a gnoll
             ... wielding a +0 flail
              (10 damage)
             ... on level 3 of the Dungeon.
             The game lasted 00:02:14 (2892 turns).

BritishOli the Slasher (Demonspawn Gladiator)       Turns: 2892, Time: 00:02:14

Health: -5/42      AC:  7    Str: 15    XL:     5   Next: 29%
Magic:  5/5        EV: 12    Int:  9    God:
Gold:   85         SH:  6    Dex: 15    Spells: 4/4 levels left

rFire    . . .     SeeInvis .   a - +0 long sword
rCold    . . .     Faith    .   q - +2 buckler
rNeg     . . .     Spirit   .   b - +0 leather armour
rPois    .         Reflect  .   m - +1 hat
rElec    .         Harm     .   c - +0 cloak
rCorr    .                      (no gloves)
MR       .....                  (no boots)
Stlth    +.........             i - amulet of regeneration
HPRegen  0.54/turn              (no ring)
MPRegen  0.09/turn              (no ring)

@: no status effects
A: horns 1, rugged brown scales 2, powered by pain 1
a: no special abilities


You were on level 3 of the Dungeon.
You were not hungry.

You visited 1 branch of the dungeon, and saw 4 of its levels.

You collected 85 gold pieces.

Inventory:

Hand Weapons
 a - a +0 long sword (weapon)
Missiles
 d - 3 throwing nets (quivered)
Armour
 b - a +0 leather armour (worn)
 c - a +0 cloak (worn)
 m - a +1 hat (worn)
 q - a +2 buckler (worn)
Jewellery
 i - an amulet of regeneration (around neck)
 s - an uncursed ring of wizardry {unknown}
Scrolls
 h - a scroll of random uselessness {unknown}
 o - a scroll of remove curse {unknown}
 r - a scroll of teleportation {unknown}
Potions
 e - a potion of cancellation {unknown}
 g - 2 potions of berserk rage {unknown}
 j - 3 potions of might {unknown}
 k - 2 potions of curing {unknown}
 l - a potion of flight {unknown}
 n - a potion of stabbing {unknown}
 p - a potion of degeneration {unknown}
Comestibles
 f - 8 rations


   Skills:
 + Level 2.9 Fighting
 + Level 3.4 Long Blades
 + Level 2.7 Throwing
 + Level 1.7 Armour
 + Level 3.3 Dodging
 + Level 0.5 Shields


You had 4 spell levels left.
You didn't know any spells.
Your spell library was empty.

Dungeon Overview and Level Annotations

Branches:
Dungeon (4/15)
 Temple: D:4-7

Altars:


Innate Abilities, Weirdness & Mutations

You have a pair of small horns on your head.
You are mostly covered in rugged brown scales. (AC +2, +5% HP)
You sometimes gain a little power by taking damage.


Message History

The gnoll is heavily wounded.
The gnoll hits you with a +0 flail!
You closely miss the gnoll.
The gnoll is heavily wounded.
The gnoll hits you with a +0 flail.
* * * LOW HITPOINT WARNING * * *
You hit the gnoll.
The gnoll is severely wounded.
The gnoll hits you with a +0 flail.
* * * LOW HITPOINT WARNING * * *
You hit the gnoll but do no damage.
The gnoll is severely wounded.
The gnoll barely misses you.
You riposte.
You closely miss the gnoll. Your headbutt misses the gnoll.
The gnoll is severely wounded.
Unknown command.
You hit the gnoll. Your headbutt misses the gnoll.
The gnoll is almost dead.
The gnoll hits you with a +0 flail!
You die...

######## #.......# #..........#
.......# ##.#.#.## #.####.#.###
######.# #.......###.#.##.#.####
...###.# ##.#.#.#.##....).......
.......# #.............##.#..#.#
.......# ##.#.#.#.##.####....#.#
.......####.......###.# #)......
...........#.#.#)## #.####....###
......####......@.# #......#..#
......# ###.#.#g## ########..###
......# #.......# #..... #####.#
##.#.#.#### ##'#### #.#
###......# ##...## #####.#####
######.# #.....## #.........#
##..# ####+####.#
#.#..>###.#######...###≈≈≈.≈≈≈#..
......................#≈.....≈#..


You could see a gnoll.

Vanquished Creatures
  A worker ant (D:3)
  4 gnolls
  4 adders
  An ooze (D:2)
  A worm (D:3)
  A dart slug (D:1)
  A leopard gecko (D:1)
  5 orcs (D:3)
  A ball python (D:1)
  6 bats
  A giant cockroach (D:3)
  6 goblins
  11 hobgoblins
  9 jackals
  A quokka (D:3)
  2 frilled lizards (D:1)
  3 kobolds
  5 rats
63 creatures vanquished.

Notes
Turn   | Place    | Note
-------+----------+-------------------------------------------
     0 | D:1      | BritishOli the Demonspawn Gladiator began the quest for the
                  | Orb.
     0 | D:1      | Reached XP level 1. HP: 16/16 MP: 1/1
   235 | D:1      | Gained mutation: You are partially covered in rugged brown
                  | scales. (AC +1, +3% HP) [demonic ancestry]
   235 | D:1      | Reached XP level 2. HP: 6/22 MP: 2/2
   957 | D:1      | You fall into a shaft and drop 1 floor!
   966 | D:2      | Gained mutation: You have a pair of small horns on your
                  | head. [demonic ancestry]
   966 | D:2      | Reached XP level 3. HP: 15/28 MP: 3/3
  1181 | D:2      | Reached skill level 1 in Armour
  1750 | D:3      | Gained mutation: You are mostly covered in rugged brown
                  | scales. (AC +2, +5% HP) [demonic ancestry]
  1750 | D:3      | Reached XP level 4. HP: 28/35 MP: 4/4
  2743 | D:3      | Gained mutation: You sometimes gain a little power by
                  | taking damage. [demonic ancestry]
  2743 | D:3      | Reached XP level 5. HP: 39/42 MP: 5/5
  2860 | D:4      | Noticed an ogre
  2892 | D:3      | Slain by a gnoll

Illustrated notes

Levels and vault maps discovered:
D:1:      dpeg_arrival_renting, layout_basic
D:2:      layout_basic, first_ration
D:3:      layout_loops_corners, st_stairs_12, kennysheep_generic_room_11
D:4:      layout_basic

Skill      XL: |  1  2  3 |
---------------+----------+-----
Throwing       | 2 |  2.7
Long Blades    | 3 |  3.4
Dodging        | 3 |  3.3
Armour         | 1 |  1.7
Fighting       | |  2.9
Shields        | |  0.5

Action                   |  1- 3 |  4- 6 || total
-------------------------+-------+-------++-------
Melee: Long sword        |   105 |    73 ||   178
       Headbutt          |     9 |    15 ||    24
 Stab: Sleeping          |     1 |       ||     1
  Eat: Ration            |     1 |     1 ||     2
Armor: Leather armour    |    36 |    22 ||    58
Dodge: Dodged            |   100 |    50 ||   150
Block: Buckler           |       |    20 ||    20
       Rpst.: Long sword |    30 |    19 ||    49

Table legend:
 A = Non-vault XP
 B = Vault XP
 C = Vault XP percentage of total XP
 D = Non-vault monster count
 E = Vault monster count
 F = Vault count percentage of total count
                 A         B        C        D         E       F
            +---------+---------+-------+---------+---------+-------
      Total |     249 |       2 |   0.8 |      62 |       1 |   1.6
            +---------+---------+-------+---------+---------+-------
        D:1 |      33 |       0 |   0.0 |      18 |       0 |   0.0
        D:2 |      36 |       0 |   0.0 |      12 |       0 |   0.0
        D:3 |     139 |       2 |   1.4 |      29 |       1 |   3.3
        D:4 |      41 |       0 |   0.0 |       3 |       0 |   0.0
            +---------+---------+-------+---------+---------+-------
